 Dungeon Crawl Stone Soup version 0.29.1-2-gbd0b4ee654 (webtiles) character file.

Game seed: 9662174689958845935

7270 mortz the Destroyer (level 11, -6/54 HPs)
             Began as a Kobold Conjurer on Nov 21, 2022.
             Was a Priest of Vehumet.
             Killed from afar by a gargoyle (20 damage)
             ... with a stone arrow
             ... on level 10 of the Dungeon.
             The game lasted 01:17:29 (14608 turns).

mortz the Destroyer (Kobold Conjurer)              Turns: 14608, Time: 01:17:30

Health: -6/54      AC:  9    Str:  5    XL:     11   Next: 34%
Magic:  10/22      EV: 17    Int: 28    God:    Vehumet [***...]
Gold:   695        SH:  0    Dex: 13    Spells: 14/24 levels left

rFire   + . .      SeeInvis .   a - +6 short sword (freeze)
rCold   . . .      Faith    .   (no shield)
rNeg    . . .      Spirit   .   b - +0 leather armour
rPois   +          Reflect  .   (no helmet)
rElec   .          Harm     .   M - +2 cloak
rCorr   .          Rampage  .   (no gloves)
Will    .....                   d - +2 pair of boots
Stlth   +++++.....              (no amulet)
HPRegen 0.18/turn               w - ring of Kuiduore {rF+ Will- Int+4 Stlth+}
MPRegen 0.18/turn               D - ring of poison resistance

@: no status effects
A: small, no large weapons, nightstalker 3
a: Renounce Religion


You were on level 10 of the Dungeon.
You worshipped Vehumet.
Vehumet was most pleased with you.
You visited 2 branches of the dungeon, and saw 11 of its levels.
You also visited: Ossuary.

You collected 695 gold pieces.

Inventory:

Hand Weapons
 a - a +6 short sword of freezing (weapon)
 k - a +3 long sword
 F - a +1 rapier of venom
 G - a +2 short sword of chaos
 I - a +0 mace of holy wrath
 L - a +0 war axe
 V - a +2 vorpal morningstar
Missiles
 C - 2 throwing nets
 J - 6 poisoned darts
 T - a curare-tipped dart
Armour
 b - a +0 leather armour (worn)
 d - a +2 pair of boots (worn)
 M - a +2 cloak (worn)
 O - a +3 plate armour
 P - a +0 chain mail of fire resistance
Magical Staves
 u - a staff of poison
 v - a staff of air
 z - a staff of fire
Jewellery
 j - a ring of flight
 o - a ring of positive energy
 w - the ring of Kuiduore (left hand) {rF+ Will- Int+4 Stlth+}
   (You found it on level 6 of the Dungeon)

   [ring of protection from fire]

   Int:       It affects your intelligence (+4).
   rF:        It protects you from fire.
   Will:      It decreases your willpower.
   Stlth:     It makes you more stealthy.
 D - a ring of poison resistance (right hand)
 N - a ring of positive energy
 R - an amulet of guardian spirit
Wands
 i - a wand of quicksilver (7)
 t - a wand of flame (9)
 E - a wand of roots (5)
 U - a wand of mindburst (14)
 X - a wand of charming (8)
Scrolls
 e - 2 scrolls of blinking
 l - 7 scrolls of teleportation
 m - a scroll of brand weapon
 p - 2 scrolls of enchant armour
 s - a scroll of magic mapping
 y - a scroll of butterflies
 K - a scroll of enchant weapon
 Q - 3 scrolls of amnesia
Potions
 c - 4 potions of curing
 f - 4 potions of brilliance
 g - 2 potions of invisibility
 h - 5 potions of heal wounds
 n - a potion of flight {unknown}
 q - 2 potions of lignification
 r - 6 potions of might
 x - a potion of resistance {unknown}
 A - 4 potions of ambrosia
 B - 6 potions of attraction
 H - 2 potions of haste
 S - 2 potions of berserk rage {unknown}
 W - 2 potions of cancellation


   Skills:
 + Level 8.5 Short Blades
 + Level 8.5 Dodging
 + Level 5.4 Stealth
 + Level 7.3 Spellcasting
 * Level 10.6 Conjurations
 - Level 5.9 Translocations
 + Level 1.2 Evocations


You had 14 spell levels left.
You knew the following spells:

 Your Spells              Type           Power      Damage    Failure   Level
a - Magic Dart            Conj           100%       1d8       1%          1
b - Searing Ray           Conj           100%       2d8       1%          2
c - Mephitic Cloud        Conj/Pois/Air  30%        N/A       1%          3
I - Iskenderun's Mystic   Conj/Tloc      54%        2d12      1%          4

Your spell library contained the following spells:

 Spells                   Type           Power      Damage    Failure   Level
 Conjure Flame            Conj/Fire      40%        6-21      1%          3
 Dazzling Flash           Conj/Hex       80%        N/A       1%          3
 Fulminant Prism          Conj/Hex       20%        3d13      2%          4
 Sticky Flame             Conj/Fire      40%        2d6       2%          4
 Ignite Poison            Fire/Tmut/Pois 10%        N/A       7%          3
 Portal Projectile        Hex/Tloc       52%        N/A       8%          3
 Summon Small Mammal      Summ           40%        N/A       9%          1
 Call Canine Familiar     Summ           10%        N/A       26%         3
 Ozocubu's Armour         Ice            10%        N/A       26%         3
 Summon Guardian Golem    Hex/Summ       10%        N/A       26%         3
 Tukima's Dance           Hex            10%        N/A       26%         3
 Summon Forest            Summ/Tloc      13%        N/A       58%         5
 Leda's Liquefaction      Hex/Erth       5%         N/A       65%         4
 Blade Hands              Tmut           5%         N/A       94%         5
 Metabolic Englaciation   Hex/Ice        5%         N/A       94%         5
 Summon Mana Viper        Hex/Summ       10%        N/A       94%         5
 Simulacrum               Ice/Necr       5%         N/A       100%        6
 Summon Cactus Giant      Summ           5%         N/A       100%        6


Dungeon Overview and Level Annotations

Branches:
Dungeon (10/15) Zot: 25753  Temple (1/1) D:4 Zot: 5925    Lair (0/5) D:10
Ossuary (visited)
    Orc: D:9-12

Altars:
Ashenzari
Cheibriados
Dithmenos
Elyvilon
Fedhas
Gozag
Hepliaklqana
Kikubaaqudgha
Makhleb
Nemelex Xobeh
Okawaru
Qazlal
Ru
Sif Muna
Trog
Uskayaw
Vehumet
Wu Jian
Xom
Yredelemnul
Zin
The Shining One

Annotations:
D:7 3 runed translucent doors, quakins's ghost, novice TrTm
D:10 1 runed translucent door, zeram's ghost, journeyman GnFi


Innate Abilities, Weirdness & Mutations

You are small and have problems with some larger weapons.
You are completely attuned to the shadows.


Message History

You enter the shallow water.
Moving in this stuff is going to be slow.
There is a staircase to the Lair here.
You open the door.
There is an open door here.
You open the door.
A gargoyle comes into view. It is wielding a +0 flail.
Found a stormy altar of Qazlal and a shadowy altar of Dithmenos.
The gargoyle hurls a stone arrow at you.
The stone arrow misses you. The gargoyle completely misses you.
Casting: Searing Ray (safe; 1% risk of failure)
Confirm with . or Enter, or press ? or * to list all spells.
You erupt in a blast of force!
The mystic blast hits the gargoyle but does no damage.
The gargoyle closely misses you.
Unknown command.
Casting: Iskenderun's Mystic Blast (dangerous; 1% risk of failure)
Confirm with . or Enter, or press ? or * to list all spells.
Okay, then.
Unknown command.
The searing ray hits the gargoyle but does no damage. (Press . to maintain the ray.)
The gargoyle misses you.
The searing ray hits the gargoyle but does no damage.
The gargoyle closely misses you.
The searing ray hits the gargoyle but does no damage.
The gargoyle hits you with a +0 flail!
The searing ray hits the gargoyle.
You finish channelling your searing ray.
The gargoyle hurls a stone arrow at you.
The stone arrow hits you!!
* * * LOW HITPOINT WARNING * * *
Casting: Searing Ray (safe; 1% risk of failure)
Confirm with . or Enter, or press ? or * to list all spells.
You erupt in a blast of force!
The mystic blast hits the gargoyle!
The gargoyle is knocked back by the mystic blast.
The gargoyle hurls a stone arrow at you.
The stone arrow hits you!!
You die...

#≈#≈_≈#≈# #≈#≈.≈#≈# #
#≈##.##≈# # ##≈≈≈.≈≈≈## #
#.....@..9# # #.≈≈≈?≈≈≈.# #
#.≈##.##≈.# #### #.≈#≈.≈#≈.#
#... #.≈#≈_≈#≈.# ####...
###.≈# #≈.# #.....)
#.'.≈#####≈.# ##......
#######.≈≈≈≈≈≈≈.# #...####
#.....'.....)...######...#.P.


You could see a gargoyle.

Vanquished Creatures
  A two-headed ogre (D:9)
  Maurice (D:8)
  A gargoyle (D:8)
  Psyche (D:8)
  A troll (D:10)
  9 yaks (D:10)
  A steam dragon (D:5)
  A water moccasin (D:7)
  Pargi (D:3)
  2 sky beasts (D:7)
  A black bear (D:5)
  3 orc warriors
  A wolf (D:10)
  An ogre (D:5)
  6 centaurs
  A kobold brigand (D:8)
  A necrophage (D:7)
  2 bullfrogs
  2 gnoll sergeants
  6 scorpions
  3 water moccasin zombies (Ossuary)
  5 wights
  2 howler monkeys (D:8)
  9 electric eels
  A lava snake (D:10)
  3 bullfrog zombies (Ossuary)
  7 centaur zombies (Ossuary)
  A human zombie (Ossuary)
  7 hounds
  3 jellies
  A gnoll bouda (D:7)
  2 orc priests (D:8)
  3 orc wizards
  Natasha (thrice) (D:3)
  An iguana (D:6)
  3 ogre zombies (Ossuary)
  13 gnolls
  3 adders
  2 shadow imps
  6 adder zombies (Ossuary)
  A worm (D:4)
  3 dart slugs
  22 orcs
  4 endoplasms
  3 giant cockroaches (D:1)
  A gnoll zombie (Ossuary)
  11 goblins
  5 hobgoblins
  9 jackals
  2 quokkas
  6 ball pythons
  2 bats
  4 frilled lizards
  2 goblin zombies (Ossuary)
  A hobgoblin zombie (Ossuary)
  16 kobolds
  A kobold zombie (D:6)
  2 orc zombies (Ossuary)
  6 rats
222 creatures vanquished.

Vanquished Creatures (others)
  An orc (D:6)
  4 plants
5 creatures vanquished.

Grand Total: 227 creatures vanquished

Notes
Turn   | Place    | Note
-------+----------+-------------------------------------------
     0 | D:1      | mortz the Kobold Conjurer began the quest for the Orb.
     0 | D:1      | Reached XP level 1. HP: 10/10 MP: 3/3
   176 | D:1      | Reached XP level 2. HP: 15/15 MP: 1/5
   234 | D:1      | Learned a level 2 spell: Searing Ray
   256 | D:1      | Found a faded altar of an unknown god.
   428 | D:1      | Reached XP level 3. HP: 10/19 MP: 2/6
  1613 | D:2      | You fall into a shaft and drop 1 floor!
  1712 | D:3      | Noticed Pargi
  1727 | D:3      | Killed Pargi
  1728 | D:3      | Reached XP level 4. HP: 14/24 MP: 0/8
  1728 | D:3      | Reached XP level 5. HP: 16/28 MP: 0/9
  1930 | D:3      | Reached skill level 5 in Conjurations
  2008 | D:3      | Found a snail-covered altar of Cheibriados.
  2864 | D:3      | Noticed Natasha
  2869 | D:3      | Killed Natasha
  2952 | D:3      | Reached XP level 6. HP: 32/32 MP: 10/10
  3048 | D:3      | Found a large runed translucent door.
  3048 | D:3      | Found a large runed translucent door.
  3148 | D:3      | Noticed Natasha
  3154 | D:3      | Killed Natasha
  3155 | D:3      | Reached skill level 1 in Short Blades
  3410 | D:3      | Noticed Natasha
  3413 | D:3      | Killed Natasha
  3874 | D:3      | Found a shimmering altar of Xom.
  4466 | D:4      | Found a bloodstained altar of Trog.
  4524 | D:4      | Found a staircase to the Ecumenical Temple.
  4531 | Temple   | Entered the Ecumenical Temple
  4598 | Temple   | Became a worshipper of Vehumet
  4869 | D:5      | Entered Level 5 of the Dungeon
  5042 | D:5      | Reached skill level 5 in Stealth
  5042 | D:5      | Reached XP level 7. HP: 36/36 MP: 6/12
  5745 | D:5      | Reached skill level 6 in Conjurations
  5745 | D:5      | Reached skill level 1 in Translocations
  6209 | D:5      | Found an ornate altar of the Wu Jian Council.
  6213 | D:5      | Noticed a spectral centipede
  6213 | D:5      | Noticed a spectral black mamba
  6213 | D:5      | Noticed a spectral cane toad
  6394 | D:5      | Reached XP level 8. HP: 31/41 MP: 4/14
  6638 | D:6      | Found a shimmering altar of Xom.
  6639 | D:6      | Found a hazy altar of Hepliaklqana.
  6640 | D:6      | Noticed a spectral ugly thing
  6690 | D:6      | Found a sand-covered staircase.
  6707 | Ossuary  | Entered an ossuary
  7182 | Ossuary  | Reached skill level 5 in Dodging
  7766 | Ossuary  | Reached * piety under Vehumet
  7766 | Ossuary  | Offered knowledge of Freeze by Vehumet.
  7767 | Ossuary  | Reached skill level 7 in Conjurations
  8146 | Ossuary  | Reached XP level 9. HP: 23/45 MP: 7/16
  8304 | Ossuary  | Noticed a silent spectre
  8413 | D:6      | Identified the ring of Kuiduore {rF+ Will- Int+4 Stlth+}
  8525 | D:6      | Reached skill level 5 in Spellcasting
  8645 | D:5      | Reached skill level 5 in Short Blades
  8779 | D:6      | Learned a level 4 spell: Iskenderun's Mystic Blast
  9851 | D:7      | Reached skill level 8 in Conjurations
  9997 | D:7      | Offered knowledge of Scorch by Vehumet.
 10036 | D:7      | Reached ** piety under Vehumet
 10354 | D:7      | Found a shimmering blue altar of Sif Muna.
 10428 | D:7      | Found a runed translucent gate.
 10429 | D:7      | Found a runed translucent gate.
 10430 | D:7      | Found a runed translucent gate.
 10493 | D:7      | Reached XP level 10. HP: 50/50 MP: 15/18
 10687 | D:7      | Found an opulent altar of Gozag.
 10761 | D:7      | Noticed quakins's ghost (novice TrTm)
 10764 | D:7      | Identified the +6 chain mail of Ru's Envy {Str+5 Int+2}
 10809 | D:8      | Noticed Maurice
 10858 | D:8      | Noticed Psyche
 10862 | D:8      | Killed Psyche
 11163 | D:8      | Reached skill level 9 in Conjurations
 11743 | D:8      | Noticed a gargoyle
 11748 | D:8      | Killed a gargoyle
 12064 | D:8      | Killed Maurice
 12065 | D:8      | Reached skill level 5 in Translocations
 12418 | D:9      | Offered knowledge of Mephitic Cloud by Vehumet.
 12612 | D:9      | Found a hide-covered altar of Uskayaw.
 12727 | D:9      | Learned a level 3 spell: Mephitic Cloud
 12885 | D:9      | Reached *** piety under Vehumet
 13207 | D:9      | Noticed a two-headed ogre
 13212 | D:9      | Killed a two-headed ogre
 13364 | D:10     | Entered Level 10 of the Dungeon
 13532 | D:10     | Reached skill level 10 in Conjurations
 13538 | D:10     | Reached XP level 11. HP: 48/54 MP: 14/21
 13642 | D:10     | Found a runed translucent door.
 13645 | D:10     | Noticed zeram's ghost (journeyman GnFi)
 14144 | D:10     | Reached skill level 1 in Evocations
 14315 | D:10     | Found a staircase to the Lair.
 14598 | D:10     | Found a stormy altar of Qazlal.
 14598 | D:10     | Found a shadowy altar of Dithmenos.
 14608 | D:10     | Killed from afar by a gargoyle

Illustrated notes

Levels and vault maps discovered:
D:1:      minmay_arrival_diagonal_passages, layout_basic,
          ebering_ecumenical_altar_hall, minmay_misc_feat_iff
D:2:      layout_basic, minmay_cupped
D:3:      due_chaos_kobolds, layout_loops_cross, old_standard_altar,
          moated_statue, uniq_natasha, uniq_pargi
D:4:      layout_rooms, trog_hazing_becter, minmay_temple_entry_sparse_star
D:5:      layout_layer_cave, pdpol_wu_jian_five_deadly_venoms
D:6:      layout_loops_ring, regret_index_temple_of_mockery, enter_ossuary_3,
          hangedman_abyss_or_decor_stagger, lemuel_flamethrower_2
D:7:      layout_rooms, mainiacjoe_overflow_brackets, led_sif_pool,
          biasface_ghost_orc_armoury, nicolae_grassy_gnolls
D:8:      cheibrodos_two_vegetables, layout_cave_pools, uniq_maurice,
          uniq_psyche
D:9:      layout_basic, nicolae_uskayaw_dance_hall
D:10:     layout_basic, nicolae_overflow_two_pavilions, erik_lair_island,
          hellmonk_ghost_big_iron, nicolae_lava_and_water
Temple:   nicolae_temple_ecumenical_triangle

Skill      XL: |  1  2  3  4  5  6  7  8  9 10 11 |
---------------+----------------------------------+-----
Stealth        | 3 4 5 |  5.4
Dodging        | 3 4 5 6 8 |  8.5
Spellcasting   | 3 4 5 6 7 |  7.3
Conjurations   | 5 6 7 8 10 | 10.6
Short Blades   | 2 3 4 6 7 8 |  8.5
Translocations | 1 2 4 5 |  5.9
Evocations     | 1 |  1.2

Action                   |  1- 3 |  4- 6 |  7- 9 | 10-12 || total
-------------------------+-------+-------+-------+-------++-------
Melee: Hand axe          |    10 |       |       |       ||    10
       Punch             |     1 |       |     1 |       ||     2
       Dagger            |     4 |    17 |       |       ||    21
       Short sword       |       |       |    19 |    12 ||    31
Throw: Dart              |       |       |     1 |       ||     1
 Cast: Magic Dart        |    42 |       |       |       ||    42
       Searing Ray       |     4 |    37 |    85 |    53 ||   179
       Iskenderun's Myst |       |       |       |     7 ||     7
  Use: Potion            |     1 |       |     1 |     1 ||     3
       Scroll            |       |     5 |    15 |     6 ||    26
 Stab: Sleeping          |     3 |    14 |    10 |     9 ||    36
Armor: Robe              |     2 |     8 |       |       ||    10
       Leather armour    |       |       |    41 |    22 ||    63
Dodge: Dodged            |    18 |    25 |    90 |    70 ||   203
